woodfighter, chaotic female elven Rogue ------ +da..| |aa..| |@f... ------ woodfighter the Cutpurse Experience level: 5 Strength: 15 Dexterity: 17 Constitution: 16 Intelligence: 7 Wisdom: 9 Charisma: 11 Health: 0(37) Energy: 23(23) Def: 3 Gold: 0 Moves: 2438 Dungeon seed: 8WKZrkSzkUy91kuN Game ID: woodfighter_1515529689 Your Inventory: Amulets l - a cursed amulet of change Weapons a - a +0 elven short sword (weapon in hand) b - 11 +0 elven daggers (in quiver) Armor e - an uncursed +1 leather armor (being worn) q - an uncursed +0 orcish helm r - a blessed +3 dwarvish cloak z - an uncursed +0 dwarvish iron helm N - an uncursed +3 pair of iron shoes Y - an uncursed +0 pair of speed boots Comestibles k - an uncursed egg o - an uncursed fortune cookie C - 2 uncursed sprigs of wolfsbane K - an uncursed pancake R - 2 uncursed eucalyptus leaves W - an uncursed lichen corpse Tools g - an uncursed blindfold w - an uncursed magic whistle y - an uncursed lock pick X - an uncursed towel Z - an uncursed oil lamp (0:1228) Spells and supernatural/magical abilities: Name Level Category Fail Memory W - pray for help -- divine ? -- Your skills at the end: Miscellaneous Skills wands [Basic] Weapon Skills dagger [Basic] short sword [Basic] Spellcasting Skills Final Attributes: You were piously aligned. You were sleep resistant. You had infravision. You were very stealthy. You are dead. Vanquished creatures: a small mimic 2 rock piercers a shrieker a giant ant a dwarf a kobold lord a kobold shaman 3 hill orcs a rothe a coyote a hobbit an acid blob a large kobold 2 geckos 3 hobgoblins 2 giant rats a yellow mold 6 manes 5 jackals 7 newts a sewer rat 5 grid bugs a bat 2 lichens 51 creatures vanquished. Voluntary challenges: You did not adorn yourself with jewelry or accessories. You did not cause conflict. You were not invisible. You did not have reflection. You were not displaced. You were an atheist. You used a wielded weapon 78 times, starting on turn 293. You did not apply a unicorn horn. You did not use plumbed fixtures. You did not drink any magical draughts. You were illiterate. You never genocided any monsters. You never polymorphed an object. You never changed form. You used no wishes. You never split a pudding. You never wrote Elbereth's name. You never violated your personal moral code. Dungeon overview: The Dungeons of Doom: levels 1 to 7 Level 1 a fountain a long staircase Level 2 (water) a scroll shop, a fountain stairs to The Gnomish Mines Level 3 (water) Level 4 a fountain Level 5 a general store, some fountains Level 6 (water) Level 7 <- You were here The Gnomish Mines: Level 3 stairs to The Dungeons of Doom History has recorded: On T:1 you entered the Dungeons of Doom to retrieve the Amulet of Yendor! On T:247 you reached level 2 of The Dungeons of Doom. On T:375 you reached level 1 of The Gnomish Mines. On T:448 you reached level 3 of The Dungeons of Doom. On T:837 you advanced to experience level 2. On T:908 you reached level 4 of The Dungeons of Doom. On T:1060 you advanced to experience level 3. On T:1237 you reached level 5 of The Dungeons of Doom. On T:1518 you advanced to experience level 4. On T:1570 you reached level 6 of The Dungeons of Doom. On T:1827 you advanced to experience level 5. On T:2143 you reached level 7 of The Dungeons of Doom. Score breakdown: Gold: 0 ( 0 points) Experience: 5 levels ( 400 points) Exploration: 7 levels ( 180 points) Discoveries: 11 items ( 550 points) Variety of kills: 24 monsters ( 1200 points) Major goal: (nothing yet) ( 0 points) Survival: died (score multiplied by 3) Total score: 6990 Latest messages: You put a hexagonal wand into the sack. You put a brass wand into the sack. Where do you want to travel to? You drop an uncursed sack. Your movements are now unencumbered. You produce a strange whistling sound. You produce a strange whistling sound. You produce a strange whistling sound. You produce a strange whistling sound. The dog bites the fire ant. Kitty misses the fire ant. The fire ant bites! (2x) You're on fire! The fire ant bites! (2x) You're on fire! Kitty misses the fire ant. The fire ant bites! (2x) You're on fire! The fire ant bites! (2x) You're on fire! You die... Final status: Goodbye woodfighter the Rogue, killed by a fire ant... You died in The Dungeons of Doom on dungeon level 7 with 6990 points, and 0 pieces of gold, after 2438 moves. You were level 5 with a maximum of 37 hit points when you died.